 Dungeon Crawl Stone Soup version 0.23.0 (webtiles) character file.

Game seed: 4226565125699052336

221 Monsterracer the Insei (level 5, 0/42 HPs)
             Began as a Vampire Chaos Knight on Feb 15, 2019.
             Was a Plaything of Xom.
             Slain by a hog (8 damage)
             ... on level 4 of the Dungeon.
             The game lasted 00:02:42 (2959 turns).

Monsterracer the Insei (Vampire Chaos Knight)       Turns: 2959, Time: 00:02:44

Health: 0/42       AC:  8    Str: 12    XL:     5   Next: 65%
Magic:  5/5        EV: 17    Int: 14    God:    Xom [..*...]
Gold:   111        SH:  0    Dex: 19    Spells: 4/4 levels left

rFire    . . .     SeeInvis +     - Unarmed
rCold    . . .     Gourm    .   (no shield)
rNeg     . . .     Faith    .   a - +2 leather armour
rPois    .         Spirit   .   i - +0 helmet (curse)
rElec    .         Reflect  .   (no cloak)
rCorr    .         Harm     .   p - +1 pair of gloves
MR       .....                  (no boots)
Stlth    ++........             (no amulet)
HPRegen  0.34/turn              (no ring)
MPRegen  0.09/turn              (no ring)

@: agile, regenerating quickly
A: rotting body, fangs 3, see invisible, high mp 1, unbreathing
a: Renounce Religion


You were on level 4 of the Dungeon.
You worshipped Xom.
You were a toy of Xom.
You were very full.

You visited 1 branch of the dungeon, and saw 4 of its levels.

You collected 111 gold pieces.

Inventory:

Armour
 a - a +2 leather armour (worn)
 i - a cursed +0 helmet (worn)
 p - a +1 pair of gloves (worn)
Scrolls
 b - 2 scrolls of fog {unknown}
 c - 6 scrolls of identify {unknown}
 d - a scroll of teleportation {unknown}
 e - 3 scrolls of enchant weapon {unknown}
 f - 2 scrolls of remove curse {unknown}
 m - a scroll of magic mapping {unknown}
 n - a scroll of enchant armour {unknown}
Potions
 g - a potion of agility
 h - a potion of haste {unknown}
 j - a potion of mutation {unknown}
 k - a potion of lignification {unknown}
 l - 2 potions of curing {unknown}
 o - a potion of heal wounds {unknown}
 q - 13 potions of blood


   Skills:
 + Level 4.0 Fighting
 - Level 0.7 Armour
 - Level 2.1 Dodging
 * Level 6.1 Unarmed Combat


You had 4 spell levels left.
You didn't know any spells.
Your spell library was empty.

Dungeon Overview and Level Annotations

Branches:
Dungeon (4/15)
 Temple: D:4-7

Altars:
Trog
Xom


Innate Abilities, Weirdness & Mutations

Your body is rotting away.
You thrive on raw meat.
Your natural rate of healing is unusually fast.
You have razor-sharp teeth.
You have supernaturally acute eyesight. (SInv)
You can survive without breathing.
You have an increased reservoir of magic. (+10% MP)


Message History

The orc is severely wounded.
The orc closely misses you.
The orc hits you with a +2 war axe of chopping.
You take 1 damage, and have 34/42 hp.
You hit the orc but do no damage.
The orc is severely wounded.
The orc hits you. The orc closely misses you. x2
You take 1 damage, and have 33/42 hp.
You closely miss the orc.
The orc is moderately wounded.
The orc barely misses you. The orc misses you.
You hit the orc.
You kill the orc!
The orc hits you.
You take 1 damage, and have 32/42 hp.
You punch the orc!
You kill the orc!
The orc barely misses you.
You hit the orc.
The orc is heavily wounded.
The orc closely misses you. The orc hits you with a +0 flail!
Things that are here:
a +0 leather armour; an orc corpse You take 9 damage, and have 23/42 hp.
MASSIVE DAMAGE!!
The orc misses you.
Things that are here:
a +2 war axe of chopping; a +0 scale mail; an orc corpse You barely miss the orc.
The orc is heavily wounded.
You barely miss the orc. Your bite misses the orc.
The orc is heavily wounded.
The orc barely misses you.
You punch the orc!
You kill the orc!
Things that are here:
a +0 flail; a +0 war axe; an orc corpse
Things that are here:
a +2 war axe of chopping; a +0 scale mail; an orc corpse You bottle the corpse's blood.
q - 13 potions of blood (gained 1)
Things that are here:
a +2 war axe of chopping; a +0 scale mail
(D) Dungeon
Where to? (Enter - D:4 @ (x,y), ? - help)
An ogre comes into view. It is wielding a +0 giant club.
The ogre shouts!
You regained 2 hp, and now have 28/42 hp.
There are no items here.
You hit the ogre.
The ogre is moderately wounded.
The ogre hits you with a +0 giant club!
* * * LOW HITPOINT WARNING * * *
You emit a cloud of colourful smoke!
You take 9 damage, and have 19/42 hp.
MASSIVE DAMAGE!!
Unknown command.
You hit the ogre but do no damage. You bite the ogre, but do no damage.
The ogre is moderately wounded.
You hit the ogre but do no damage.
The ogre is moderately wounded.
The ogre hits you with a +0 giant club.
* * * LOW HITPOINT WARNING * * *
You take 1 damage, and have 18/42 hp.
You hit the ogre.
The ogre is moderately wounded.
The ogre closely misses you.
You punch the ogre!
The ogre is heavily wounded. "This might be better!"
The ogre evaporates and reforms as a hog!
The hog completely misses you.
You hit the hog.
The hog is lightly wounded.
The hog bites you!
* * * LOW HITPOINT WARNING * * *
You take 13 damage, and have 6/42 hp.
MASSIVE DAMAGE!!
Unknown command.
It was a potion of agility.
You feel agile all of a sudden.
Xom thinks this is hilarious!
The hog misses you.
Okay, then.
You hit the hog. You bite the hog.
The hog is heavily wounded.
The hog misses you.
Okay, then.
You punch the hog!
The hog is severely wounded.
The hog barely misses you.
You hit the hog.
The hog is severely wounded.
Xom smirks.
You detect items!
You are now a toy of Xom.
The hog completely misses you. The hog closely misses you.
You punch the hog!
The hog is almost dead.
The hog bites you!
You die... "I guess I need a new plaything now."

...####.....[..# ....#
.### #....)).[##.....
..#####..####.....#
........#####....## .
........###....#.# .#
##.............#.# #..#
###.............##.....
#...#..###..°☼...# #
##.....# ####@h###
.###......# #.§§§#
......###.# #..#....
....### #.###.###...##
.... ##.....#.....#.
.... ##...##..........
###.####....##
...###...
#<##.###.......# ...
#...## .>..#.


You could see a hog.

Vanquished Creatures
  2 hounds (D:3)
  An orc priest (D:3)
  6 adders
  A gnoll (D:3)
  2 worms
  9 orcs
  4 giant cockroaches
  8 hobgoblins
  9 kobolds
  A ball python (D:1)
  3 bats
  3 frilled lizards (D:2)
  6 goblins
  4 rats
59 creatures vanquished.

Notes
Turn   | Place    | Note
-------+----------+-------------------------------------------
     0 | D:1      | Monsterracer the Vampire Chaos Knight began the quest for
                  | the Orb.
     0 | D:1      | Reached XP level 1. HP: 17/17 MP: 1/1
   140 | D:1      | XOM: silly message
   253 | D:1      | XOM: divination: detect items
   497 | D:1      | Reached XP level 2. HP: 23/23 MP: 2/2
   893 | D:2      | Reached skill level 4 in Unarmed Combat
   952 | D:2      | Found a bloodstained altar of Trog.
  1052 | D:2      | Found a shimmering altar of Xom.
  1069 | D:2      | Reached XP level 3. HP: 24/29 MP: 3/3
  1227 | D:2      | XOM: cast spell 'Summon Butterflies'
  1293 | D:2      | XOM is BORED!
  1293 | D:2      | XOM: mild Tmut miscast
  1362 | D:2      | Reached XP level 4. HP: 31/35 MP: 4/4
  1537 | D:2      | XOM: mild Ice miscast
  1588 | D:2      | XOM: noise
  1591 | D:2      | XOM: mild Chrm miscast
  1896 | D:3      | Reached skill level 5 in Unarmed Combat
  1931 | D:3      | XOM: give mutation
  1931 | D:3      | Gained mutation: You have an increased reservoir of magic.
                  | (+10% MP) [Xom's grace]
  1945 | D:3      | XOM: summons 1 hostile demon
  2165 | D:3      | Found a faded altar of an unknown god.
  2165 | D:3      | XOM: 1-stop teleportation journey
  2230 | D:3      | XOM: summons friendly crimson imp
  2252 | D:3      | HP: 18/37 [orc (4)]
  2374 | D:3      | XOM: smoke on damage
  2380 | D:3      | Reached XP level 5. HP: 39/42 MP: 5/5
  2653 | D:3      | Reached skill level 6 in Unarmed Combat
  2820 | D:3      | XOM is BORED!
  2820 | D:3      | XOM: torment (22/42 hp)
  2947 | D:4      | Noticed an ogre
  2949 | D:4      | HP: 19/42 [ogre/+0 giant club (10)]
  2949 | D:4      | XOM: smoke on damage
  2953 | D:4      | Noticed a hog
  2953 | D:4      | an ogre changed into a hog
  2953 | D:4      | XOM: polymorph ogre -> hog
  2954 | D:4      | HP: 6/42 [hog (13)]
  2958 | D:4      | XOM: divination: detect items
  2959 | D:4      | Slain by a hog

Skill      XL: |  1  2  3  4  5 |
---------------+----------------+-----
Fighting       | 3 4 |  4.0
Unarmed Combat | 4 5 6 |  6.1
Armour         | |  0.7
Dodging        | |  2.1

Action                   |  1- 3 |  4- 6 || total
-------------------------+-------+-------++-------
Melee: Unarmed           |   102 |   149 ||   251
       Bite              |     5 |    20 ||    25
       Punch             |     1 |     2 ||     3
  Use: Potion            |    10 |     9 ||    19
 Stab: Sleeping          |     1 |     1 ||     2
Armor: Leather armour    |    40 |    32 ||    72
Dodge: Dodged            |    48 |    85 ||   133

Levels and vault maps discovered:
D:1:      wheals_arrival_linesprint, layout_basic, minmay_misc_feat_roman
D:2:      layout_basic, lemuel_doored_altar, bloody_trog
D:3:      minmay_diamond_boxcup, layout_basic, chequers_ecumenical_altar_island,
          cheibrodos_gnoll_hut
D:4:      layout_layer_cave, nicolae_ru_awakened_eye, temple_green,
          serial_glass, glass_columns_b, glass_columns_c, glass_columns_b,
          glass_columns_c, minmay_strange_pillars, gammafunk_ghost_nasty_kobolds
